Map: Jagannatha LE

Players

FrostyFeet

  • Race: Terran Terran
  • League: Platinum
  • Spawn Location: 1:00

Massa - Winner!

  • Race: Terran Terran
  • League: Platinum
  • Spawn Location: 7:00

VOD

Have the link to the VOD?

Description

Time

  • Played on: Oct. 24, 2020, 3:23 p.m.
  • Length: 7:43
Show
View Real Time Build Order
Export as new Build Order

FrostyFeet Terran 

Build Orders: Reaper Expand 

Get SALT Encoding   

  12  0:01  SCV  
  13  0:13  SCV  
  14  0:19  Supply Depot  
  14  0:25  SCV  
  15  0:41  SCV  
  15  0:42  Barracks  
  16  0:53  SCV  
  16  0:54  Refinery  
  17  1:06  SCV  
  18  1:18  SCV  
  19  1:32  Command Center  
  19  1:39  Reaper  
  19  1:43  Orbital Command  
  19  2:07  Supply Depot  
  19  2:12  SCV  
  20  2:16  Refinery  
  20  2:24  SCV  
  20  2:28  Factory  
  21  2:36  SCV  
  22  2:39  Engineering Bay  
  22  2:47  Marine  
  22  2:49  SCV, Orbital Command  
  24  3:01  SCV  
  25  3:28  SCV  
  26  3:34  Starport  
  26  3:39  Starport, Factory Tech Lab  
  26  3:40  SCV  
  27  3:42  Barracks Tech Lab  
  27  3:53  Orbital Command  
  26  4:20  Reaper  
  27  4:46  SCV  
  27  4:50  SCV  
  29  4:58  SCV  
  30  5:02  SCV  
  31  5:10  SCV  
  33  5:14  SCV  
  33  5:17  Fusion Core  
  33  5:22  SCV  
  33  5:26  SCV  
  35  5:34  SCV  
  36  5:36  Refinery  
  36  5:38  Refinery, SCV  
  37  5:43  Starport  
  37  5:45  Starport  
  37  5:48  Marine  
  38  5:50  SCV  
  39  6:02  SCV  
  40  6:06  Marine  
  47  6:24  Marine, Battlecruiser  
  47  6:25  Battlecruiser  
  56  6:31  Starport Tech Lab  
  56  6:34  Starport Tech Lab  
  54  6:41  Supply Depot  
  54  6:42  Marine  
  55  6:59  Marine  
  56  7:02  Missile Turret  
  55  7:20  Missile Turret  
  55  7:24  Missile Turret  
Show
View Real Time Build Order
Export as new Build Order

Massa Terran - Winner!

Build Orders: Reaper Expand 

Get SALT Encoding   

  12  0:00  SCV  
  13  0:12  SCV  
  14  0:20  Supply Depot  
  14  0:24  SCV  
  15  0:42  SCV  
  16  0:43  Barracks  
  16  0:49  Refinery  
  16  0:54  SCV  
  17  1:02  Refinery  
  17  1:06  SCV  
  19  1:18  SCV  
  19  1:34  Reaper  
  20  1:41  Orbital Command  
  20  2:02  Command Center  
  20  2:06  Marine  
  20  2:07  SCV  
  22  2:19  Supply Depot  
  22  2:20  SCV  
  23  2:33  Factory  
  23  2:36  Barracks Reactor  
  23  2:42  Supply Depot  
  23  3:07  SCV  
  23  3:10  Command Center  
  24  3:19  SCV  
  25  3:22  Orbital Command  
  25  3:25  Factory Tech Lab  
  25  3:27  Marine  
  25  3:28  Marine  
  27  3:44  Siege Tank  
  30  3:58  SCV  
  30  4:00  SCV  
  32  4:08  Refinery  
  32  4:10  SCV  
  32  4:12  SCV  
  34  4:35  Orbital Command  
  34  4:37  SCV x2  
  36  4:43  Engineering Bay  
  36  4:49  SCV  
  36  4:51  Barracks, Supply Depot  
  37  4:52  Starport  
  37  5:03  SCV x3  
  37  5:07  Marine x2  
  42  5:15  SCV, Supply Depot  
  42  5:16  Missile Turret  
  42  5:19  Missile Turret  
  42  5:20  Terran Infantry Weapons Level 1  
  43  5:24  Marine, Siege Tank  
  43  5:25  Marine  
  43  5:28  SCV x3  
  51  5:35  Refinery  
  51  5:40  Barracks Tech Lab, SCV x3  
  51  5:42  Marine x2  
  54  5:43  Barracks  
  56  5:52  SCV  
  56  5:56  Cyclone  
  60  6:00  Marine x2  
  60  6:02  Medivac  
  64  6:05  Supply Depot  
  64  6:09  Supply Depot  
  64  6:11  Supply Depot  
  64  6:12  Supply Depot  
  64  6:16  Missile Turret  
  64  6:18  Missile Turret  
  64  6:19  Orbital Command  
  64  6:21  Missile Turret  
  64  6:24  Missile Turret  
  64  6:27  SCV x2  
  64  6:32  Widow Mine, Marine  
  68  6:39  SCV x2  
  71  6:40  Barracks Reactor  
  71  6:48  SCV  
  71  6:51  SCV x2  
  71  6:52  Marauder  
Tags
 
Add a new tag
Caveats
  • Supply blocks, unpowered buildings, or Contaminate may cause inaccurate times.
  • Supply counts are checked every 10 seconds.